 Dungeon Crawl Stone Soup version 0.21.1-1-g345015f (webtiles) character file.

774 cultivahabas the Cudgeler (level 7, 71/71 HPs)
             Began as a Troll Chaos Knight on May 15, 2018.
             Quit the game in a sewer.
             The game lasted 00:14:39 (3458 turns).

cultivahabas the Cudgeler (Troll Chaos Knight)      Turns: 3458, Time: 00:14:39

Health: 71/71      AC: 10    Str: 21    XL:     7   Next: 53%
Magic:  6/6        EV:  7    Int:  6    God:    Xom [*.....]
Gold:   212        SH:  7    Dex: 11    Spells: 6/6 levels left

rFire    . . .     SeeInvis .   a - +0 mace (chaos)
rCold    . . .     Gourm    +   y - +0 shield {AC+3}
rNeg     . . .     Faith    .   b - +2 robe
rPois    .         Spirit   .   (helmet restricted)
rElec    .         Reflect  .   (no cloak)
rCorr    .         Harm     .   (gloves unavailable)
MR       .....     Clarity  +   (boots unavailable)
Stlth    +.........             (no amulet)
HPRegen  0.61/turn              (no ring)
MPRegen  0.10/turn              (no ring)

@: no status effects
A: large, unfitting armour, claws 3, horns 1, clarity, dopey 1, fast metabolism
3, gourmand, mutation resistance 1, regeneration 1, shaggy fur 1, tough skin 2,
wild magic 1
a: Renounce Religion


You were in a sewer.
You worshipped Xom.
You were a special plaything of Xom.
You were completely stuffed.

You visited 1 branch of the dungeon, and saw 4 of its levels.
You also visited: Sewer.

You collected 212 gold pieces.

Inventory:

Hand Weapons
 a - a +0 mace of chaos (weapon)
Missiles
 p - 80 stones (quivered)
Armour
 b - a +2 robe (worn)
 y - a +0 shield of protection (worn)
Jewellery
 j - an uncursed ring of poison resistance {unknown}
Wands
 r - a wand of iceblast (8)
Scrolls
 d - a scroll of random uselessness {unknown}
 e - a scroll of remove curse {unknown}
 g - 5 scrolls of teleportation {unknown}
 i - 9 scrolls of identify {unknown}
 k - 2 scrolls of amnesia {unknown}
 m - 2 scrolls of magic mapping {unknown}
 n - 4 scrolls of enchant weapon {unknown}
 t - a scroll of fog {unknown}
 v - a scroll of immolation {unknown}
Potions
 f - a potion of degeneration {unknown}
 h - a potion of invisibility {unknown}
 l - a potion of might
 o - 3 potions of heal wounds {unknown}
 q - 3 potions of curing {unknown}
 s - a potion of brilliance {unknown}
 w - a potion of resistance {unknown}
 x - a potion of flight {unknown}
Comestibles
 c - 13 rations
 u - 5 chunks of flesh


   Skills:
 + Level 4.7 Fighting
 * Level 6.9 Maces & Flails
 - Level 1.9 Dodging
 + Level 0.0 Shields


You had 6 spell levels left.
You didn't know any spells.

Dungeon Overview and Level Annotations

Branches:
Dungeon (4/15)
 Temple: D:4-7

Altars:
Hepliaklqana
Makhleb


Innate Abilities, Weirdness & Mutations

You are too large for most types of armour.
You have claws for hands.
Your metabolism is lightning-fast.
You like to eat raw meat.
Your natural rate of healing is unusually fast.
You are covered in fur. (AC +1)
You have very tough skin. (AC +2)
You have a pair of small horns on your head.
You possess an exceptional clarity of mind.
You are dopey. (Int -2)
You are somewhat resistant to further mutation.
Your spells are a little harder to cast, but a little more powerful.


Message History

q - 3 emerald potions (gained 1)
You feel sick.
You are no longer poisoned.
p - 76 stones (gained 3)
You see here a whip.
p - 79 stones (gained 3)
There is a large open door here.
Things that are here:
a short sword; a kobold corpse
p - 80 stones (gained 1)
You enter the shallow water.
Moving in this stuff is going to be slow.
HP restored.
As you open the large door, it creaks loudly! 5 kobolds come into view.
The kobold shouts! x4
The kobold throws a stone.
You block the stone.
Found 2 fuming red potions, a fuming white potion and 2 emerald potions.
Found a gate leading back out of this place.
Are you sure you want to abandon this character and quit the game? (Confirm with "yes".)

## ##. ########## ##..
#.##....P####...
########...............
#####K.K!#.................
#.∩.#.K..'P...............P
#.∩.#!K.K'@.≈P≈≈.........≈≈
#...#....#.P≈≈P≈........P≈≈
###'########≈≈############≈
#≈≈≈≈≈≈≈≈≈≈≈≈≈≈≈≈≈≈≈≈≈≈≈≈≈≈
#≈≈≈≈≈≈≈≈≈≈≈≈≈≈≈≈≈≈≈≈≈≈≈≈≈≈
#≈≈≈≈≈≈≈≈≈≈≈≈≈≈≈≈≈≈≈≈≈≈≈≈≈≈
#################≈≈≈#######
#....#....P≈≈≈≈P≈≈≈...≈
#.∩.)'P....≈≈≈≈..≈≈≈..≈


You could see 5 kobolds.

Vanquished Creatures
  Grinder (D:3)
  2 ogres (D:4)
  An orc priest (D:3)
  A hound (D:4)
  3 orc wizards (D:3)
  A bullfrog skeleton (D:4)
  Ijyb (D:3)
  A worker ant (D:4)
  7 gnolls
  A howler monkey skeleton (D:4)
  3 river rats (D:4)
  6 adders
  2 oozes
  4 worms
  A dart slug (D:1)
  A leopard gecko (D:2)
  4 orcs
  2 ball pythons (Sewer)
  6 giant cockroaches
  3 goblins
  9 hobgoblins
  5 jackals
  A quokka (D:3)
  10 bats
  8 frilled lizards
  11 kobolds
  12 rats
107 creatures vanquished.

Vanquished Creatures (collateral kills)
  An adder (D:2)
  A hobgoblin (D:2)
  A jackal (D:2)
  A kobold (D:3)
  A rat (D:2)
5 creatures vanquished.

Grand Total: 112 creatures vanquished

Notes
Turn   | Place    | Note
-------+----------+-------------------------------------------
     0 | D:1      | cultivahabas the Troll Chaos Knight began the quest for the Orb.
     0 | D:1      | Reached XP level 1. HP: 22/22 MP: 0/0
    12 | D:1      | XOM: harmless Erth miscast
   210 | D:1      | Reached skill level 3 in Maces & Flails
   281 | D:1      | XOM: harmless Erth miscast
   391 | D:1      | Reached XP level 2. HP: 29/29 MP: 1/1
   453 | D:1      | XOM: harmless Ice miscast
   739 | D:1      | XOM: divination: detect creatures
   931 | D:2      | Reached XP level 3. HP: 36/36 MP: 2/2
  1009 | D:2      | XOM: potion effect (might)
  1016 | D:2      | XOM: confusion (+ monsters)
  1020 | D:2      | XOM: swap monsters
  1027 | D:2      | Reached skill level 4 in Maces & Flails
  1027 | D:2      | Reached XP level 4. HP: 38/45 MP: 3/3
  1065 | D:2      | XOM: cloud trail
  1382 | D:2      | XOM: silly message
  1406 | D:2      | XOM: god gift: scimitar {god gift}
  1529 | D:2      | XOM: summons friendly shadow imp
  1555 | D:2      | XOM: polymorph shadow imp -> quasit
  1753 | D:2      | XOM: god gift: scroll labeled COEMMO HOITZEWYGG {god gift}
  1794 | D:2      | XOM: give mutations
  1794 | D:2      | Gained mutation: You have a pair of small horns on your head. [Xom's grace]
  1794 | D:2      | Gained mutation: Your spells are a little harder to cast, but a little more powerful. [Xom's grace]
  1794 | D:2      | Gained mutation: You possess an exceptional clarity of mind. [Xom's grace]
  1864 | D:3      | Found a burning altar of Makhleb.
  1874 | D:3      | Reached XP level 5. HP: 51/53 MP: 4/4
  1908 | D:3      | Reached skill level 5 in Maces & Flails
  1923 | D:3      | XOM: god gift: glowing halberd {god gift}
  1947 | D:3      | Noticed Ijyb
  1948 | D:3      | XOM: 1-stop teleportation journey
  1956 | D:3      | XOM: give mutations
  1956 | D:3      | Gained mutation: You are dopey. (Int -2) [Xom's mischief]
  1956 | D:3      | Gained mutation: You are somewhat resistant to further mutation. [Xom's mischief]
  2057 | D:3      | Killed Ijyb
  2057 | D:3      | Reached XP level 6. HP: 62/62 MP: 5/5
  2125 | D:3      | Found a hazy altar of Hepliaklqana.
  2477 | D:3      | XOM: harmless Summ miscast
  2487 | D:3      | Noticed Grinder
  2488 | D:3      | XOM: summons 6 friendly demons
  2489 | D:3      | Paralysed by Grinder for 6 turns
  2510 | D:3      | Paralysed by something for 7 turns
  2518 | D:3      | Killed Grinder
  2651 | D:3      | Found a faded altar of an unknown god.
  2801 | D:4      | Reached skill level 6 in Maces & Flails
  2801 | D:4      | Reached XP level 7. HP: 70/70 MP: 6/6
  3016 | D:4      | XOM: scenery: 1 doors close
  3218 | D:4      | Found a glowing drain.
  3241 | Sewer    | Entered a sewer
  3458 | Sewer    | Quit the game

Skill      XL: |  1  2  3  4  5  6 |
---------------+-------------------+-----
Maces & Flails | 3 4 5 6 |  6.9
Fighting       | 3 4 |  4.7
Dodging        | |  1.9

Action                   |  1- 3 |  4- 6 |  7- 9 || total
-------------------------+-------+-------+-------++-------
Melee: Mace              |    76 |   138 |   101 ||   315
       Headbutt          |       |    18 |    20 ||    38
 Stab: Paralysed         |     1 |     1 |       ||     2
       Confused          |     1 |     1 |       ||     2
  Eat: Chunk             |    15 |    12 |    11 ||    38
Armor: Robe              |    36 |    50 |    41 ||   127
Dodge: Dodged            |    50 |    71 |    52 ||   173
Block: Shield            |       |       |     1 ||     1
